 Dungeon Crawl Stone Soup version 0.16-a0-3855-gd2600ac (webtiles) character file.

9079 PolkaDot the Summoner (level 11, -1/70 HPs)
             Began as a Vampire Summoner on Jan 31, 2015.
             Was an Elder of Sif Muna.
             Killed from afar by HungrySameoo's ghost (12 damage)
             ... with a puff of frost
             ... on level 1 of the Lair of Beasts.
             The game lasted 01:10:55 (11566 turns).

PolkaDot the Summoner (Vampire Summoner)           Turns: 11566, Time: 01:10:56

Health: -1/70      AC: 11    Str:  7      XL:     11   Next: 18%
Magic:  0/17       EV: 12    Int: 14 (20) God:    Sif Muna [****..]
Gold:   554        SH:  0    Dex: 14      Spells: 5 memorised, 1 level left

rFire  + + .     SeeInvis +     n - +3 falchion (vamp)
rCold  . . .     Clarity  .     C - +4 robe of Honour {rF++ Stlth-}
rNeg   . . .     SustAb   .     (no shield)
rPois  +         Gourm    .     i - +0 helmet
rElec  .         Spirit   .     r - +2 cloak
rCorr  .         Warding  .     s - +0 pair of gloves
rMut   .         Stasis   .     (no boots)
MR     +....                    (no amulet)
Stlth  +++.......               v - ring of stealth
                                y - ring of poison resistance

@: regenerating very quickly, somewhat resistant to hostile enchantments, fairly
stealthy
A: bottle blood, fangs 3, see invisible, unbreathing
a: Channel Energy, Forget Spell, Renounce Religion


You were on level 1 of the Lair of Beasts.
You worshipped Sif Muna.
Sif Muna was greatly pleased with you.
You were almost alive.

You visited 3 branches of the dungeon, and saw 12 of its levels.

You collected 554 gold pieces.

Inventory:

Hand weapons
 n - a +3 vampiric falchion (weapon)
Missiles
 E - 2 throwing nets (quivered)
Armour
 i - a +0 helmet (worn)
 j - a +0 troll leather armour
 r - a +2 cloak (worn)
 s - a +0 pair of gloves (worn)
 C - the +4 robe of Honour (worn) {rF++ Stlth-}
   (You found it on level 1 of the Lair of Beasts)

   It greatly protects you from fire.
   It makes you less stealthy.
Jewellery
 v - a ring of stealth (right hand)
 y - a ring of poison resistance (left hand)
Magical devices
 h - a wand of digging (10)
 A - a wand of fireball (5)
 B - a wand of fireball (5)
Scrolls
 a - 3 scrolls of magic mapping
 c - 4 scrolls of remove curse
 f - a scroll of blinking
 g - a scroll of fog
 k - a scroll of amnesia
 l - a scroll of recharging {unknown}
 p - a scroll of noise {unknown}
 z - 2 scrolls of teleportation
Potions
 d - 14 potions of blood {@*1}
 F - a potion of restore abilities
Books
 b - a book of Callings

   Spells                             Type                      Level
   a - Summon Small Mammal            Summoning                    1
   b - Call Imp                       Summoning                    2
   c - Call Canine Familiar           Summoning                    3
   d - Summon Guardian Golem          Hexes/Summoning              4
   e - Summon Lightning Spire         Summoning/Air                4
   f - Summon Ice Beast               Ice/Summoning                4
 e - a book of Unlife

   Spells                             Type                      Level
   a - Recall                         Summoning/Translocation      3
   b - Animate Dead                   Necromancy                   4
   c - Control Undead                 Necromancy                   4
   d - Cigotuvi's Embrace             Necromancy                   5
   e - Death Channel                  Necromancy                   6
   f - Simulacrum                     Ice/Necromancy               6
 t - a book of the Warp

   Spells                             Type                      Level
   a - Recall                         Summoning/Translocation      3
   b - Control Teleport               Charms/Translocation         4
   c - Force Lance                    Conjuration/Translocation    4
   d - Phase Shift                    Translocation                5
   e - Warp Weapon                    Charms/Translocation         5
   f - Summon Forest                  Summoning/Translocation      5
   g - Gell's Gravitas                Hexes/Translocation          6
 u - a book of Maledictions

   Spells                             Type                      Level
   a - Corona                         Hexes                        1
   b - Sure Blade                     Hexes/Charms                 2
   c - Ensorcelled Hibernation        Hexes/Ice                    2
   d - Confuse                        Hexes                        3
   e - Dazzling Spray                 Conjuration/Hexes            3
   f - Enslavement                    Hexes                        4
 w - a book of Summonings

   Spells                             Type                      Level
   a - Abjuration                     Summoning                    3
   b - Recall                         Summoning/Translocation      3
   c - Shadow Creatures               Summoning                    5
   d - Summon Demon                   Summoning                    5
   e - Summon Forest                  Summoning/Translocation      5
   f - Monstrous Menagerie            Summoning                    6
Miscellaneous
 x - a crystal ball of energy


   Skills:
 - Level 1.2 Fighting
   Level 8.5(9.6) Short Blades
 * Level 6.2(8.0) Long Blades
 - Level 2.1 Dodging
 - Level 3.0 Stealth
 - Level 2.0 Spellcasting
 + Level 3.1 Hexes
 + Level 12.8 Summonings
 - Level 6.1 Ice Magic


You had one spell level left.
You knew the following spells:

 Your Spells              Type           Power        Failure   Level  Hunger
a - Apportation           Tloc           #.........   24%         1    ##.....
c - Confuse               Hex            ##......     21%         3    ####...
d - Call Canine Familiar  Summ           #####...     1%          3    ####...
i - Summon Ice Beast      Ice/Summ       ####....     8%          4    #####..
s - Call Imp              Summ           #####...     1%          2    ###....


Dungeon Overview and Level Annotations

Branches:
Dungeon (10/15)            Temple (1/1) D:7            Lair (1/8) D:8
    Orc (0/4) D:9

Altars:
Ashenzari
Cheibriados
Dithmenos
Elyvilon
Fedhas
Gozag
Kikubaaqudgha
Makhleb
Nemelex Xobeh
Okawaru
Qazlal
Ru
Sif Muna
Trog
Vehumet
Xom
Yredelemnul
Zin
The Shining One

Shops:
D:5 *   D:10 }

Annotations:
Lair:1 HungrySameoo's ghost, powerful HOIE


Innate Abilities, Weirdness & Mutations

Your natural rate of healing is extremely fast.
You can bottle blood from corpses.
You have razor-sharp teeth.
You have supernaturally acute eyesight.
You can survive without breathing.


Message History

Your ice beast closely misses HungrySameoo's ghost.
Casting: Summon Ice Beast
Confirm with . or Enter, or press ? or * to list all spells.
A chill wind blows around you.
* * * LOW MAGIC WARNING * * *
Your wolf completely misses HungrySameoo's ghost.
HungrySameoo's ghost casts a spell at you.
The puff of frost misses you.
Your wolf barely misses HungrySameoo's ghost.
Your ice beast misses HungrySameoo's ghost.
Your ice beast completely misses HungrySameoo's ghost.
Your wolf misses HungrySameoo's ghost.
Your ice beast barely misses HungrySameoo's ghost.
HungrySameoo's ghost casts a spell at you.
The puff of frost hits you!
* * * LOW HITPOINT WARNING * * *
Your ice beast hits HungrySameoo's ghost but does no damage.
HungrySameoo's ghost casts a spell at you.
The puff of frost hits you!
You die...

............................r....
.......######.####..#............
.......## ### ##†####.##P.....
........# #.# ### ##....
....#..## #.## #.... .......##
#..# #.... ........##### #.#####
##....
......>.#...#######.###.####....≈
................@...WY...5.....≈≈
....................YhY........{≈
.........##########.#.########.w≈
..........## ##### ##.≈≈
)..........# #..†≈ ...........#
##..≈ ..........## #..#..
P#######.## ### ## ## ###


You could see HungrySameoo's ghost, 3 friendly ice beasts and a friendly wolf.

Vanquished Creatures
  Nergalle (D:10)
  Pikel (D:9)
  Prince Ribbit (D:9)
  A wandering mushroom (D:10)
  3 yaks (D:10)
  2 hippogriffs (Lair:1)
  6 wolves (Lair:1)
  2 porcupines (Lair:1)
  A water moccasin (Lair:1)
  A black bear (D:9)
  2 sky beasts
  5 ogres
  2 centaurs
  A phantom (D:6)
  A slave (D:9)
  An ice beast (D:6)
  3 orc warriors
  Duvessa (D:8)
  A necrophage (D:9)
  A big kobold (D:8)
  4 giant frogs
  2 electric eels (D:10)
  3 scorpions
  2 killer bees (D:10)
  4 wights
  A giant frog zombie (D:5)
  Dowan (D:8)
  2 crimson imps
  4 hounds
  2 jellies
  2 goliath beetles (D:6)
  2 iguanas
  10 orc priests
  8 orc wizards
  6 worker ants
  A killer bee zombie (D:7)
  A mummy (D:8)
  2 hound skeletons
  A hound zombie (D:10)
  A gnoll (D:4)
  7 river rats (Lair:1)
  2 shadow imps
  6 adders
  3 giant mites
  A worm (D:5)
  4 adder skeletons
  An ooze (D:1)
  29 orcs
  A ball python (D:2)
  2 bat skeletons
  11 goblins
  12 hobgoblins
  16 jackals
  17 kobolds
  3 quokkas
  9 bats
  2 giant cockroaches
  5 giant newts
  A kobold zombie (D:5)
  A quokka zombie (D:5)
  13 rats
  5 ballistomycetes (D:10)
247 creatures vanquished.

Vanquished Creatures (collateral kills)
  A hill giant (D:10)
  Maurice (D:9)
  Joseph (D:8)
  A gargoyle (D:10)
  A fire drake (D:8)
  A troll (D:7)
  Sonja (D:10)
  A two-headed ogre (D:10)
  2 yaks (D:10)
  A wyvern (D:10)
  A basilisk (Lair:1)
  A hippogriff (D:10)
  3 swamp worms (Lair:1)
  A sky beast (D:8)
  2 ice beasts (D:9)
  A centaur (D:9)
  A necrophage (D:10)
  A brain worm (Lair:1)
  2 giant frogs (D:10)
  A water moccasin zombie (D:9)
  10 killer bees
  3 wights
  An electric eel (D:10)
  2 crimson imps
  2 jellies
  2 orc wizards (D:7)
  2 orc priests
  2 adders
  3 gnolls
  A shadow imp (D:9)
  12 worms
  15 orcs
  4 bats
  2 goblins (D:1)
  A hobgoblin (D:1)
  6 kobolds
  2 quokkas (D:9)
  3 giant cockroaches
  2 jackals (D:8)
  4 rats
  2 spectral orcs (D:10)
  A plant (Lair:1)
107 creatures vanquished.

Vanquished Creatures (others)
  6 wolves
  14 ice beasts
  6 hounds
  A crimson imp (Lair:1)
  An orc wizard (D:9)
  5 white imps
  2 shadow imps (D:4)
  A bat (D:1)
  A quokka (D:1)
  A giant spore (D:10)
  A rat (D:1)
  A plant (Lair:1)
40 creatures vanquished.

Grand Total: 394 creatures vanquished

Notes
Turn   | Place    | Note
--------------------------------------------------------------
     0 | D:1      | PolkaDot, the Vampire Summoner, began the quest for the Orb.
     0 | D:1      | Reached XP level 1. HP: 13/13 MP: 3/3
   357 | D:1      | Reached XP level 2. HP: 19/19 MP: 4/4
   708 | D:1      | Reached skill level 5 in Summonings
   727 | D:1      | Reached XP level 3. HP: 24/24 MP: 6/6
   731 | D:1      | Learned a level 2 spell: Call Imp
   735 | D:1      | Learned a level 3 spell: Call Canine Familiar
  1476 | D:2      | Found a radiant altar of Vehumet.
  1724 | D:2      | Reached XP level 4. HP: 21/30 MP: 1/7
  1997 | D:3      | HP: 1/31 [orc/club (1)]
  2011 | D:3      | Reached skill level 1 in Fighting
  2011 | D:3      | Reached skill level 6 in Summonings
  2361 | D:3      | Reached XP level 5. HP: 9/37 MP: 9/9
  2521 | D:3      | Found a stormy altar of Qazlal.
  3098 | D:4      | Reached skill level 1 in Short Blades
  3122 | D:4      | Reached XP level 6. HP: 31/43 MP: 1/10
  3214 | D:4      | Found a shimmering altar of Xom.
  3216 | D:4      | Found a white marble altar of Elyvilon.
  3218 | D:4      | Found a glowing golden altar of the Shining One.
  3272 | D:4      | Reached skill level 7 in Summonings
  3314 | D:4      | Found a glowing silver altar of Zin.
  3731 | D:5      | Entered Level 5 of the Dungeon
  3986 | D:5      | Reached XP level 7. HP: 48/48 MP: 12/12
  4242 | D:5      | Reached skill level 8 in Summonings
  4605 | D:5      | Found a bloodstained altar of Trog.
  4686 | D:5      | Found Wuybbuo's Assorted Antiques.
  5045 | D:6      | Reached XP level 8. HP: 54/54 MP: 13/13
  5226 | D:6      | Reached skill level 9 in Summonings
  5628 | D:6      | Reached skill level 5 in Short Blades
  6298 | D:7      | Found a staircase to the Ecumenical Temple.
  6339 | Temple   | Entered the Ecumenical Temple
  6631 | Temple   | Became a worshipper of Sif Muna the Loreminder
  6657 | D:7      | Learned a level 4 spell: Summon Ice Beast
  6684 | D:7      | Noticed a troll
  6701 | D:7      | Killed a troll
  6701 | D:7      | Reached skill level 10 in Summonings
  6781 | D:7      | You fall through a shaft for 3 floors!
  6781 | D:10     | Entered Level 10 of the Dungeon
  6781 | D:10     | Noticed a gargoyle
  6786 | D:10     | Noticed a wandering mushroom
  6836 | D:10     | Killed a wandering mushroom
  6836 | D:10     | Reached skill level 1 in Ice Magic
  6945 | D:10     | Killed a gargoyle
  6945 | D:10     | Acquired Sif Muna's first power
  6945 | D:10     | Reached XP level 9. HP: 41/59 MP: 2/14
  6965 | D:10     | HP: 1/59 [electric eel/bolt of electricity (12)]
  7109 | D:10     | Reached skill level 11 in Summonings
  7209 | D:10     | Noticed Sonja
  7346 | D:10     | Noticed Nergalle
  7394 | D:10     | Killed Nergalle
  7394 | D:10     | Acquired Sif Muna's second power
  7455 | D:10     | Noticed a hill giant
  7497 | D:10     | Noticed a hill giant
  7500 | D:10     | Found Adaeki's Gadget Shoppe.
  7531 | D:10     | Killed a hill giant
  7633 | D:10     | Killed Sonja
  8141 | D:10     | Reached XP level 10. HP: 48/65 MP: 12/16
  8290 | D:10     | Reached skill level 12 in Summonings
  8491 | D:9      | Found a staircase to the Orcish Mines.
  8528 | D:9      | Noticed Prince Ribbit
  8537 | D:9      | Killed Prince Ribbit
  8553 | D:9      | Learned a level 3 spell: Confuse
  8853 | D:9      | Reached skill level 1 in Long Blades
  8891 | D:9      | Noticed Maurice
  8930 | D:9      | Killed Maurice
  8930 | D:9      | Reached skill level 5 in Ice Magic
  8950 | D:9      | Noticed Pikel
  8974 | D:9      | Killed Pikel
  9010 | D:9      | Learned a level 1 spell: Apportation
  9452 | D:8      | Noticed Joseph
  9458 | D:8      | Killed Joseph
  9497 | D:8      | Found a staircase to the Lair.
  9505 | D:8      | Found a sacrificial altar of Ru.
  9872 | D:8      | Noticed Dowan
  9873 | D:8      | Noticed Duvessa
  9891 | D:8      | Killed Duvessa
  9901 | D:8      | Killed Dowan
 10279 | D:7      | Found a shattered altar of Ashenzari.
 10280 | D:7      | Found a shadowy altar of Dithmenos.
 10282 | D:7      | Found a blossoming altar of Fedhas.
 10483 | D:7      | Reached skill level 5 in Long Blades
 10727 | Lair:1   | Entered Level 1 of the Lair of Beasts
 10954 | Lair:1   | Reached skill level 1 in Hexes
 10954 | Lair:1   | Reached XP level 11. HP: 58/70 MP: 17/17
 11012 | Lair:1   | Acquired Sif Muna's third power
 11183 | Lair:1   | Got an opalescent robe
 11213 | Lair:1   | Identified the +4 robe of Honour {rF++ Stlth-} (You found it on level 1 of the Lair of Beasts)
 11527 | Lair:1   | Noticed HungrySameoo's ghost (powerful HOIE)
 11566 | Lair:1   | Killed from afar by HungrySameoo's ghost

Action                   |  1- 3 |  4- 6 |  7- 9 | 10-12 || total
-------------------------+-------+-------+-------+-------++-------
Melee: Unarmed           |     9 |       |       |       ||     9
       Short sword       |    13 |   177 |   424 |    90 ||   704
       Spear             |   141 |    33 |       |       ||   174
       Falchion          |       |       |       |   462 ||   462
 Cast: Summon Small Mamm |    17 |     1 |     3 |       ||    21
       Call Canine Famil |     3 |     4 |    18 |     9 ||    34
       Call Imp          |     1 |     5 |    16 |     3 ||    25
       Summon Ice Beast  |       |       |    18 |    34 ||    52
Invok: Channel Energy    |       |       |    16 |    27 ||    43
  Use: Potion            |     7 |    17 |    43 |    35 ||   102
       Scroll            |       |       |    16 |     6 ||    22
 Stab: Sleeping          |     5 |     6 |     8 |     7 ||    26
       Distracted        |       |     2 |     6 |     2 ||    10
  Eat: Corpse            |     9 |       |     2 |     3 ||    14
